 Dungeon Crawl Stone Soup version 0.20.1-1-g8b1a95d (webtiles) character file.

24 StigmataCrucible the Charmwright (level 3, -5/24 HPs)
             Began as a Halfling Skald on Sept 3, 2017.
             Killed from afar by an orc wizard (6 damage)
             ... with a magic dart
             ... on level 3 of the Dungeon.
             The game lasted 00:08:53 (971 turns).

StigmataCrucible the Charmwright (Halfling Skald)    Turns: 971, Time: 00:08:53

Health: -5/24      AC:  3    Str: 13    XL:     3   Next: 15%
Magic:  3/5        EV: 14    Int: 11    God:
Gold:   58         SH:  0    Dex: 13    Spells: 2/5 levels left

rFire    . . .     SeeInvis .   a - +0 falchion
rCold    . . .     Gourm    .   (shield restricted)
rNeg     . . .     Faith    .   b - +0 leather armour
rPois    .         Spirit   .   (no helmet)
rElec    .         Reflect  .   (no cloak)
rCorr    .         Harm     .   (no gloves)
MR       .....                  (no boots)
Stlth    +.........             (no amulet)
Regen    0.1/turn               (no ring)
MPRegen  0.1/turn               (no ring)

@: no status effects
A: mutation resistance 1
a: no special abilities


You were on level 3 of the Dungeon.
You were hungry.

You visited 1 branch of the dungeon, and saw 3 of its levels.

You collected 58 gold pieces.

Inventory:

Hand Weapons
 a - a +0 falchion (weapon)
 e - a +0 dagger
 f - a cursed -1 dagger
 h - a +0 club
 i - a +0 dagger
 l - a +0 club
Missiles
 j - 34 stones (quivered)
Armour
 b - a +0 leather armour (worn)
Books
 c - a book of Battle

   Spells                             Type                      Level
   a - Infusion                       Charms                       1
   b - Shroud of Golubria             Charms/Translocation         2
   c - Song of Slaying                Charms                       2
   d - Spectral Weapon                Hexes/Charms                 3
   e - Regeneration                   Charms/Necromancy            3
Comestibles
 d - 2 bread rations
 g - 4 fruits
 k - 2 meat rations


   Skills:
 + Level 2.0 Fighting
 + Level 2.1 Long Blades
 + Level 1.3 Armour
 + Level 2.5 Dodging
 + Level 0.2 Stealth
 + Level 1.6 Spellcasting
 + Level 3.7 Charms


You had 2 spell levels left.
You knew the following spells:

 Your Spells              Type           Power        Failure   Level  Hunger
a - Infusion              Chrm           #...         9%          1    ##.....
b - Shroud of Golubria    Chrm/Tloc      #.........   26%         2    ###....


Dungeon Overview and Level Annotations

Branches:
Dungeon (2/15)

Altars:


Innate Abilities, Weirdness & Mutations

You are small and have problems with some larger weapons.
You are somewhat resistant to further mutation.


Message History

Your magical infusion is running out.
The orc hits you but does no damage.
You hit the orc.
You kill the orc!
Your Fighting skill increases to level 2!
You closely miss the orc wizard. The orc wizard closely misses you. x2
You barely miss the orc wizard.
The orc wizard points at you and mumbles some strange words.
The puff of frost hits you!
* * * LOW HITPOINT WARNING * * *
The orc wizard barely misses you.
You are feeling hungry.
You barely miss the orc wizard. The orc wizard barely misses you.
The orc wizard points at you and mumbles some strange words.
The puff of flame hits you!
* * * LOW HITPOINT WARNING * * *
You are no longer magically infusing your attacks.
The orc wizard gestures at you while chanting.
The magic dart hits you!
You die...

#. #o #o ##.
.. #. #
#.######.####
#.oo.@.....#
#.######.##..W
## #


You could see an orc wizard, Agrougrou's ghost (wandering) and an orc.

Vanquished Creatures
  An orc (D:3)
  3 bats
  A giant cockroach (D:2)
  5 goblins
  3 hobgoblins
  3 jackals (D:1)
  A quokka (D:2)
  A frilled lizard (D:1)
  A kobold (D:1)
19 creatures vanquished.

Notes
Turn   | Place    | Note
-------+----------+-------------------------------------------
     0 | D:1      | StigmataCrucible the Halfling Skald began the quest for the Orb.
     0 | D:1      | Reached XP level 1. HP: 14/14 MP: 3/3
   149 | D:1      | Reached XP level 2. HP: 13/19 MP: 4/4
   157 | D:1      | Learned a level 2 spell: Shroud of Golubria
   732 | D:1      | You fall through a shaft!
   892 | D:2      | Reached XP level 3. HP: 14/24 MP: 2/5
   947 | D:2      | You fall through a shaft!
   970 | D:3      | HP: 1/24 [orc wizard/puff of flame (6)]
   971 | D:3      | Killed from afar by an orc wizard

Skill      XL: |  1  2  3 |
---------------+----------+-----
Fighting       | 2 |  2.0
Long Blades    | |  2.1
Armour         | |  1.3
Dodging        | |  2.5
Stealth        | |  0.2
Spellcasting   | |  1.6
Charms         | |  3.7

Action                   || total
-------------------------++-------
Melee: Falchion          ||    72
 Cast: Infusion          ||     2
       Shroud of Golubri ||     1
  Use: Scroll            ||     1
       Potion            ||     1
Armor: Leather armour    ||    14
Dodge: Dodged            ||    74
       Rpst.: Falchion   ||    18
